 Dungeon Crawl Stone Soup version 0.13-a0-3008-g2a6619c (webtiles) character file.

291 DaftWullie the Cutter (level 5, -1/33 HPs)
             Began as a Kobold Berserker on Sept 9, 2013.
             Was a Priest of Trog.
             Slain by a gnoll
             ... wielding a +0,+0 spear
              (3 damage)
             ... on Level 2 of the Dungeon.
             The game lasted 00:21:56 (2175 turns).

DaftWullie the Cutter (Kobold Berserker)            Turns: 2175, Time: 00:21:56

HP  -1/33        AC  2     Str 17      XL: 5   Next: 55%
MP   4/4         EV 16     Int  5      God: Trog [***...]
Gold 144         SH  0     Dex 15      Spells:  0 memorised,  4 levels left

Res.Fire  : . . .   See Invis. : .   a - +0 short sword
Res.Cold  : . . .   Warding    : .   w - +0 orc robe (curse)
Life Prot.: . . .   Conserve   : .   (no shield)
Res.Poison: .       Res.Corr.  : .   (no helmet)
Res.Elec. : .       Clarity    : .   (no cloak)
Sust.Abil.: . .     Spirit.Shd : .   (no gloves)
Res.Mut.  : .       Stasis     : .   (no boots)
Res.Rott. : .       Flight     : .   (no amulet)
Saprovore : + + .                    (no ring)
                                     i - cursed -3,-3 ring of slaying {unknown}

@: exhausted, slowed, very slow, slightly resistant to hostile enchantments,
fairly stealthy
A: disease resistance, carnivore 3, saprovore 2
a: Burn Spellbooks, Berserk, Trog's Hand, Renounce Religion


You were on level 2 of the Dungeon.
You worshipped Trog.
Trog was greatly pleased with you.
You were very full.

You visited 1 branch of the dungeon, and saw 3 of its levels.

You collected 124 gold pieces.

Inventory:

Hand weapons
 a - a +0,+0 short sword (weapon)
 f - a +0,+0 short sword
Missiles
 u - 3 darts (quivered)
Armour
 b - a +0 animal skin
 j - a +0 leather armour
 w - a cursed +0 orcish robe (worn)
Comestibles
 c - 4 meat rations
 r - a rotting chunk of gnoll flesh
Scrolls
 e - a scroll of magic mapping {unknown}
 g - 3 scrolls of identify
 h - a scroll of fog {unknown}
 k - 2 scrolls of curse weapon
 m - a scroll of fear {unknown}
 n - 2 scrolls of random uselessness {unknown}
 o - a scroll of recharging {unknown}
 q - a scroll of enchant weapon II {unknown}
 s - a scroll of teleportation {unknown}
 t - a scroll of curse jewellery {unknown}
 x - a scroll of blinking {unknown}
Jewellery
 i - a cursed -3,-3 ring of slaying (left hand) {unknown}
Potions
 d - a potion of coagulated blood
 l - 3 potions of might {unknown}


   Skills:
 + Level 4.0 Fighting
 * Level 5.9 Short Blades
 + Level 0.3 Throwing
 - Level 1.5 Armour
 + Level 4.0 Dodging
 + Level 1.1 Stealth


You had 4 spell levels left.
You didn't know any spells.

Dungeon Overview and Level Annotations

Branches:
Dungeon (3/27)

Altars:


Innate Abilities, Weirdness & Mutations

You recuperate from illness quickly.
You are small and have problems with some larger weapons.
You are carnivorous and can eat meat at any time.
You can eat rotten meat.


Message History

The gnoll closely misses you.
You closely miss the gnoll.
The gnoll is severely wounded.
The gnoll closely misses you.
You hit the gnoll but do no damage.
The gnoll is severely wounded.
The gnoll hits you with a spear.
* * * LOW HITPOINT WARNING * * *
The gnoll hits you with a spear.
* * * LOW HITPOINT WARNING * * *
You hit the gnoll.
The gnoll is almost dead.
The gnoll barely misses you.
You hit the gnoll but do no damage.
The gnoll is almost dead.
The gnoll hits you but does no damage.
You barely miss the gnoll.
The gnoll is almost dead.
The gnoll hits you with a spear.
You die...

#......# #.####.# #.#
#.# #.# #.#
#.####.### #.##.....#
#.##.###.####
#########.##.# #.....
#..g@.....##.###.####
#.##########.....#
#... ####### .!..g.
#.#...#. #....(....
#...).(. .#
..(.....###### .(.
........#########


You could see a gnoll.

Vanquished Creatures
  6 gnolls (D:2)
  3 adders (D:2)
  2 worms (D:2)
  3 giant geckos (D:2)
  2 oozes
  4 bats
  3 giant cockroaches
  3 hobgoblins (D:1)
  3 jackals (D:2)
  5 kobolds
  2 ball pythons (D:1)
  8 giant newts
  4 goblins
  5 rats
53 creatures vanquished.

Notes
Turn   | Place    | Note
--------------------------------------------------------------
     0 | D:1      | DaftWullie, the Kobold Berserker, began the quest for the Orb.
     0 | D:1      | Reached XP level 1. HP: 14/14 MP: 0/0
   205 | D:1      | Reached XP level 2. HP: 16/19 MP: 1/1
   585 | D:2      | Reached XP level 3. HP: 7/24 MP: 2/2
  1153 | D:2      | Reached skill level 5 in Short Blades
  1155 | D:2      | Acquired Trog's second power
  1349 | D:2      | Reached XP level 4. HP: 12/28 MP: 3/3
  1827 | D:2      | Reached XP level 5. HP: 33/33 MP: 4/4
  2120 | D:2      | Reached skill level 1 in Stealth
  2172 | D:2      | HP: 1/33 [gnoll/spear (6)]
  2175 | D:2      | Slain by a gnoll

Action                   |  1- 3 |  4- 6 || total
-------------------------+-------+-------++-------
Melee: Short sword       |   128 |    97 ||   225
Throw: Dagger            |     2 |    10 ||    12
       Dart              |     1 |     9 ||    10
Invok: Berserk           |     2 |     4 ||     6
       Trog's Hand       |       |     1 ||     1
  Use: Scroll            |       |     1 ||     1
 Stab: Sleeping          |     2 |       ||     2
